Map: Ruins of Seras

Players

Miszu - Winner!

  • Race: Terran Terran
  • League: Grandmaster

ArT

  • Race: Protoss Protoss
  • League: Grandmaster

VOD

Have the link to the VOD?

Description

Time

  • Played on: Feb. 21, 2016, 1:25 p.m.
  • Length: 10:51
Show
View Real Time Build Order
Export as new Build Order

Miszu Terran - Winner!

Build Orders: 1/1/1, Liberator Opening 

Get SALT Encoding   

  12  0:00  SCV  
  13  0:12  SCV  
  14  0:18  Supply Depot  
  14  0:25  SCV  
  15  0:39  SCV  
  15  0:41  Barracks  
  16  0:45  Refinery  
  16  0:51  SCV  
  17  1:00  Refinery  
  17  1:03  SCV  
  18  1:15  SCV  
  19  1:29  Marine  
  19  1:31  Orbital Command  
  20  1:37  Supply Depot  
  20  1:42  Factory  
  20  1:48  Barracks Reactor  
  20  1:56  SCV  
  21  2:08  SCV  
  22  2:20  SCV  
  22  2:21  Supply Depot  
  23  2:27  Starport, Marine x2  
  25  2:33  SCV  
  28  2:37  Hellion  
  28  2:45  SCV  
  28  2:50  Marine  
  30  2:52  Marine  
  30  2:57  SCV  
  33  2:58  Hellion  
  33  3:03  Medivac  
  35  3:08  Marine  
  35  3:10  Marine  
  38  3:20  Supply Depot  
  38  3:22  Hellion  
  38  3:24  Liberator  
  39  3:41  SCV  
  43  3:52  Command Center  
  43  3:55  Factory Tech Lab  
  43  3:56  Marine  
  43  3:59  Marine  
  45  4:03  SCV  
  45  4:07  Supply Depot  
  46  4:15  SCV  
  38  4:24  Liberator  
  46  4:36  SCV  
  46  4:37  Marine  
  44  4:39  Siege Tank  
  44  4:42  Marine  
  51  4:48  SCV  
  52  5:00  SCV  
  52  5:01  Marine  
  54  5:09  Barracks, Orbital Command  
  54  5:10  Barracks  
  54  5:12  SCV  
  55  5:16  Marine  
  56  5:24  SCV  
  57  5:32  Marine  
  57  5:33  Siege Tank  
  57  5:34  Starport Reactor  
  61  5:36  SCV  
  61  5:41  SCV  
  66  5:45  Starport Reactor  
  66  5:48  SCV  
  64  5:53  SCV  
  64  5:54  Marine x2  
  67  5:58  Engineering Bay  
  67  6:07  Barracks Tech Lab x2, Siege Tank  
  70  6:27  Marine  
  70  6:28  Marine x2, SCV  
  70  6:30  Marine  
  67  6:42  Siege Tank  
  67  6:45  Marine  
  67  6:46  Marine x2  
  68  6:48  Marine  
  68  6:52  SCV x2  
  64  7:04  Marine x2, Marauder, SCV x2  
  70  7:22  Stimpack  
  70  7:24  Barracks Tech Lab  
  70  7:25  Terran Infantry Weapons Level 1  
  70  7:27  Marine, Siege Tank, SCV x2  
  70  7:28  Supply Depot, Marauder  
  78  7:30  Marine  
  78  7:32  Medivac  
  81  7:39  SCV x2  
  81  7:43  Refinery x2, Marauder  
  85  7:45  Marine  
  85  7:49  Marine  
  85  7:50  Marauder  
  89  7:51  SCV  
  90  8:01  Barracks  
  90  8:02  Barracks  
  90  8:03  Marine  
  90  8:04  Marine  
  92  8:07  Missile Turret  
  92  8:11  Supply Depot, Marauder  
  92  8:12  Missile Turret  
  94  8:16  Missile Turret  
  94  8:20  Marine  
  94  8:21  Marine  
  94  8:25  Marauder  
  94  8:33  Marauder  
  96  8:36  SCV x2  
  96  8:38  Marine  
  99  8:43  Marine  
  99  8:46  Marauder  
  99  8:48  Combat Shields  
  102  9:04  Marine  
  102  9:05  Marine  
  102  9:06  Marine  
  102  9:07  Marine  
  102  9:08  SCV  
  102  9:09  Marine  
  102  9:12  Marauder  
  102  9:37  Command Center  
  102  9:38  Medivac  
  102  9:43  Supply Depot  
  102  9:44  Marine x5  
  102  9:45  Marauder  
  109  9:46  Supply Depot x2  
  109  9:49  Medivac  
  109  10:02  Marine  
  109  10:04  Marine x2, Marauder  
  109  10:06  Marine, Marauder  
  117  10:08  Medivac  
  119  10:20  Marine  
  120  10:24  Marine  
  120  10:26  Marauder  
  120  10:28  Marauder  
Show
View Real Time Build Order
Export as new Build Order

ArT Protoss 

Build Orders: 1 Gate Expand, Blink Stalkers 

Get SALT Encoding   

  12  0:01  Probe (Chrono Boost)  
  13  0:11  Probe (Chrono Boost)  
  14  0:18  Pylon  
  14  0:22  Probe (Chrono Boost)  
  15  0:36  Gateway, Probe (Chrono Boost)  
  15  0:42  Assimilator  
  16  0:47  Probe (Chrono Boost)  
  17  0:57  Probe (Chrono Boost)  
  18  1:08  Probe (Chrono Boost)  
  19  1:23  Nexus  
  19  1:26  Probe (Chrono Boost)  
  20  1:36  Cybernetics Core  
  20  1:40  Probe (Chrono Boost)  
  20  1:46  Assimilator  
  21  1:51  Probe (Chrono Boost)  
  22  1:56  Pylon  
  22  2:01  Probe (Chrono Boost)  
  23  2:14  Warp Gate, Probe (Chrono Boost)  
  23  2:15  Stalker (Chrono Boost)  
  26  2:29  Robotics Facility  
  26  2:31  Probe (Chrono Boost)  
  26  2:34  Probe (Chrono Boost)  
  28  2:44  Probe (Chrono Boost)  
  28  2:46  Stalker  
  28  2:50  Probe (Chrono Boost)  
  32  2:55  Probe (Chrono Boost)  
  33  3:01  Probe (Chrono Boost)  
  33  3:03  Twilight Council  
  34  3:07  Probe (Chrono Boost)  
  34  3:11  Probe (Chrono Boost)  
  36  3:15  Pylon  
  36  3:17  Observer (Chrono Boost)  
  36  3:19  Probe  
  38  3:22  Probe  
  39  3:30  Gateway  
  39  3:37  Gateway  
  39  3:38  Mothership Core (Chrono Boost)  
  39  3:41  Probe (Chrono Boost)  
  41  3:42  Blink (Chrono Boost)  
  41  3:51  Probe (Chrono Boost)  
  42  3:55  Pylon, Assimilator  
  42  3:57  Probe  
  43  4:03  Probe  
  43  4:09  Probe  
  45  4:13  Pylon  
  45  4:15  Probe  
  45  4:16  Stalker  
  48  4:25  Pylon  
  45  4:34  Probe  
  45  4:37  Stalker x3  
  51  4:45  Probe  
  51  4:53  Probe  
  51  4:54  Assimilator  
  51  4:59  Probe (Chrono Boost)  
  49  5:03  Stalker  
  49  5:06  Observer, Probe (Chrono Boost)  
  53  5:11  Stalker  
  53  5:13  Probe (Chrono Boost)  
  56  5:17  Stalker  
  56  5:19  Probe (Chrono Boost)  
  59  5:28  Probe (Chrono Boost)  
  54  5:33  Probe  
  56  5:37  Gateway  
  56  5:42  Pylon  
  56  5:43  Stalker  
  56  5:45  Probe (Chrono Boost)  
  56  5:46  Probe (Chrono Boost)  
  60  5:57  Probe (Chrono Boost)  
  60  6:02  Stalker x2  
  65  6:05  Probe (Chrono Boost)  
  65  6:08  Probe (Chrono Boost)  
  65  6:10  Pylon  
  61  6:20  Stalker  
  33  6:54  Stalker  
  33  6:56  Probe x2 (Chrono Boost)  
  35  7:10  Stalker  
  35  7:11  Probe (Chrono Boost)  
  35  7:13  Probe (Chrono Boost)  
  39  7:24  Dark Shrine  
  39  7:25  Probe (Chrono Boost)  
  40  7:30  Probe (Chrono Boost)  
  40  7:35  Probe (Chrono Boost)  
  42  7:41  Probe (Chrono Boost)  
  43  7:46  Probe (Chrono Boost)  
  44  7:51  Probe (Chrono Boost)  
  44  7:56  Probe (Chrono Boost)  
  44  7:57  Nexus  
  46  8:02  Probe (Chrono Boost)  
  47  8:07  Probe (Chrono Boost)  
  47  8:08  Sentry x2  
  53  8:13  Probe (Chrono Boost)  
  53  8:17  Probe (Chrono Boost)  
  54  8:23  Probe (Chrono Boost)  
  55  8:28  Probe (Chrono Boost)  
  55  8:34  Probe (Chrono Boost)  
  57  8:36  Stalker x2  
  57  8:38  Probe (Chrono Boost)  
  62  8:44  Probe (Chrono Boost)  
  63  8:49  Stalker, Probe (Chrono Boost)  
  63  8:52  Stalker  
  63  8:55  Probe (Chrono Boost)  
  69  8:56  Pylon  
  69  8:59  Probe (Chrono Boost)  
  70  9:05  Probe (Chrono Boost)  
  70  9:07  Nexus  
  71  9:10  Probe (Chrono Boost)  
  71  9:14  Probe (Chrono Boost)  
  71  9:16  Charge (Chrono Boost)  
  73  9:22  Gateway  
  73  9:23  Gateway x2  
  73  9:29  Zealot x2  
  77  9:33  Zealot  
  79  9:38  Pylon  
  79  9:40  Zealot  
  81  9:50  Zealot  
  81  9:51  Stalker  
  85  9:58  Pylon  
  85  10:01  Pylon  
  85  10:08  Stalker x2  
  85  10:13  Templar Archives  
  87  10:21  Zealot x2  
  89  10:24  Zealot x2  
  88  10:35  Zealot x2  
  88  10:36  Zealot  
  86  10:44  Zealot x2  
Tags
 
Add a new tag
Caveats
  • Supply blocks, unpowered buildings, or Contaminate may cause inaccurate times.
  • Supply counts are checked every 10 seconds.